woodfighter, chaotic female human Rogue ------------- |...........| #............| #------.------ ### ##### # # # ### # # - ----+- # ---.-- |q......| # |...*| |.))..).@Q#######)##########.....| |......a| ##-----# |....| |.......+######...<|# |....| |...... |...|# |....| |...... |...|# ------ ------- |....# ----- woodfighter the Cutpurse Experience level: 5 Strength: 13 Dexterity: 19 Constitution: 12 Intelligence: 12 Wisdom: 9 Charisma: 13 Health: 0(37) Energy: 26(26) Def: 7 Gold: 0 Moves: 2949 Dungeon seed: hGI2MhpZeuisJz-6 Game ID: woodfighter_1556768796 Your Inventory: Amulets v - a blessed amulet of flying (being worn) Weapons a - a +0 short sword (weapon in hand) b - 5 +0 daggers (in quiver) Armor e - a cursed -1 orcish helm q - an uncursed +0 pair of high boots (being worn) z - an uncursed +0 elven mithril-coat (being worn) Comestibles i - 4 uncursed food rations k - an uncursed magic bean J - 2 uncursed tripe rations Wands h - a wand of opening (0:3) l - a wand of nothing (0:4) B - a wand of locking (0:6) Tools x - an uncursed skeleton key y - an uncursed lock pick W - an uncursed towel Gems n - 2 uncursed worthless pieces of yellowish brown glass r - 2 uncursed worthless pieces of yellow glass Spells and supernatural/magical abilities: Name Level Category Fail Memory W - pray for help -- divine ? -- Your skills at the end: Miscellaneous Skills wands [Basic] Weapon Skills dagger [Basic] short sword [Basic] Spellcasting Skills Final Attributes: You were devoutly aligned. Your writing hand was ok. You were telepathic. You were very stealthy. You could fly. You are dead. Vanquished creatures: 3 human zombies a rock mole a shrieker a gnome lord a giant ant a puppy 2 floating eyes an iguana 3 hill orcs 3 killer bees 2 coyotes a gas spore 2 hobbits an acid blob 3 geckos a hobgoblin 2 giant rats 2 yellow molds a green mold a red mold 5 garter snakes 7 jackals a fox a kobold 6 newts 3 goblins 3 sewer rats 11 grid bugs 3 lichens 73 creatures vanquished. Voluntary challenges: You did not cause conflict. You were not invisible. You did not have reflection. You were not displaced. You used a wielded weapon 95 times, starting on turn 25. You did not apply a unicorn horn. You did not use plumbed fixtures. You did not drink any magical draughts. You were illiterate. You never genocided any monsters. You never polymorphed an object. You never changed form. You used no wishes. You never split a pudding. You never wrote Elbereth's name. You violated your moral code, losing 5 points of alignment, starting on turn 1389. Dungeon overview: The Dungeons of Doom: levels 1 to 7 Level 1 a long staircase Level 2 (water) a fountain Level 3 an altar to Kos, a fountain Level 4 some fountains, a sink stairs to The Gnomish Mines Level 5 (water) Level 6 many fountains Level 7 <- You were here The Gnomish Mines: Level 5 stairs to The Dungeons of Doom History has recorded: On T:1 you entered the Dungeons of Doom to retrieve the Amulet of Yendor! On T:110 you reached level 2 of The Dungeons of Doom. On T:396 you reached level 3 of The Dungeons of Doom. On T:598 you advanced to experience level 2. On T:1043 you reached level 4 of The Dungeons of Doom. On T:1191 you prayed to Kos. On T:1222 you reached level 1 of The Gnomish Mines. On T:1226 you advanced to experience level 3. On T:1389 you advanced to experience level 4. On T:1444 you reached level 5 of The Dungeons of Doom. On T:2319 you reached level 6 of The Dungeons of Doom. On T:2403 you advanced to experience level 5. On T:2457 you prayed to Kos. On T:2490 you reached level 7 of The Dungeons of Doom. Score breakdown: Gold: 0 ( 0 points) Experience: 5 levels ( 400 points) Exploration: 7 levels ( 180 points) Discoveries: 9 items ( 450 points) Variety of kills: 29 monsters ( 1450 points) Major goal: (nothing yet) ( 0 points) Survival: died (score multiplied by 3) Total score: 7440 Latest messages: You stab the gnome lord. The gnome lord punches you! You stab the gnome lord. (2x) The gnome lord punches you! You stab the gnome lord. The gnome lord punches you! You kill the gnome lord! There are a few objects here. This gnome lord corpse tastes terrible! You finish eating the gnome lord corpse. The door opens. You stop exploring. The dagger hits the rothe. The dagger hits the rothe. The dagger hits the rothe. The dagger hits the rothe. The dagger hits the soldier ant. You stab the soldier ant. The soldier ant bites! The soldier ant stings! You die... Final status: Goodbye woodfighter the Rogue, killed by a soldier ant... You died in The Dungeons of Doom on dungeon level 7 with 7440 points, and 0 pieces of gold, after 2949 moves. You were level 5 with a maximum of 37 hit points when you died.